Map: [ESL] Cosmic Sapphire

Players

Namshar - Winner!

  • Race: Zerg Zerg
  • Spawn Location: 5:00

Creature

  • Race: Protoss Protoss
  • Spawn Location: 11:00

Event: DreamHack SC2 Masters 2022 Atlanta (Online)

VOD

Have the link to the VOD?

Description

Time

  • Played on: Oct. 9, 2022, 2:40 p.m.
  • Length: 15:02

All games in this series

Show
View Real Time Build Order
Export as new Build Order

Namshar Zerg - Winner!

Build Orders: Hatch First, Brood Lord Corruptor 

Get SALT Encoding   

  12  0:00  Drone  
  13  0:12  Overlord  
  13  0:17  Drone  
  14  0:30  Drone x2  
  16  0:47  Hatchery  
  15  0:51  Drone  
  15  0:54  Drone  
  15  0:56  Drone  
  18  1:07  Extractor  
  17  1:12  Spawning Pool  
  17  1:15  Drone  
  17  1:18  Drone  
  18  1:28  Drone  
  19  1:38  Drone  
  20  1:49  Drone  
  21  2:00  Queen x2  
  26  2:01  Zergling x2  
  26  2:02  Overlord  
  26  2:12  Metabolic Boost, Drone  
  27  2:17  Drone  
  28  2:25  Drone x2  
  30  2:33  Hatchery  
  30  2:35  Drone  
  30  2:42  Drone  
  30  2:43  Overlord  
  31  2:45  Drone  
  31  2:49  Queen  
  34  2:54  Drone  
  34  2:55  Drone  
  36  3:09  Zergling x4  
  36  3:10  Zergling x2, Drone  
  36  3:11  Drone x4  
  44  3:18  Overlord  
  44  3:31  Overlord  
  44  3:33  Spore Crawler  
  43  3:36  Queen  
  43  3:39  Drone  
  43  3:40  Drone  
  47  3:45  Drone  
  47  3:46  Drone  
  47  3:47  Drone x4  
  53  3:56  Queen  
  53  3:57  Spore Crawler  
  53  3:59  Drone  
  55  4:02  Spore Crawler  
  55  4:03  Spore Crawler  
  55  4:05  Drone x3  
  56  4:14  Spore Crawler, Drone x4  
  56  4:15  Drone  
  62  4:25  Roach Warren  
  62  4:26  Overlord x2  
  62  4:29  Extractor  
  62  4:31  Extractor  
  59  4:32  Queen, Drone x2  
  59  4:35  Overlord x2  
  62  4:39  Lair  
  62  4:40  Drone x4, Extractor  
  65  4:49  Drone x2  
  67  4:57  Drone  
  67  4:58  Drone x5  
  72  5:05  Spore Crawler  
  71  5:11  Overlord x2  
  71  5:13  Drone  
  71  5:14  Drone x2  
  74  5:15  Roach x4  
  82  5:22  Extractor  
  82  5:24  Extractor  
  82  5:26  Drone  
  81  5:29  Drone  
  81  5:30  Drone x7  
  81  5:31  Evolution Chamber  
  81  5:33  Overlord  
  88  5:39  Drone  
  88  5:41  Drone  
  88  5:42  Spire  
  89  5:46  Hatchery  
  88  5:52  Overlord x2  
  88  5:55  Overlord x2  
  88  5:57  Queen x2  
  92  6:05  Spore Crawler  
  92  6:06  Drone  
  92  6:07  Spore Crawler  
  91  6:12  Drone  
  92  6:21  Drone  
  92  6:22  Glial Reconstitution, Zerg Missile Weapons Level 1  
  91  6:34  Drone x4  
  91  6:43  Drone x2  
  92  6:50  Drone  
  92  6:51  Drone x3  
  92  6:52  Drone x4  
  92  6:53  Drone x3  
  103  6:54  Corruptor, Drone  
  103  6:55  Corruptor x2  
  103  6:56  Zerg Flyer Weapons Level 1  
  110  7:02  Corruptor  
  110  7:03  Corruptor x4  
  110  7:06  Corruptor  
  110  7:07  Extractor  
  121  7:09  Extractor  
  120  7:15  Corruptor  
  120  7:16  Corruptor x2  
  123  7:23  Corruptor x2  
  123  7:25  Roach  
  129  7:39  Roach x5  
  139  7:47  Roach x6  
  139  7:49  Overlord x3  
  151  7:54  Zergling x2  
  149  8:17  Roach  
  149  8:18  Roach x11  
  155  8:29  Corruptor x4  
  155  8:30  Corruptor x2  
  159  8:36  Drone x2  
  159  8:37  Drone x4  
  165  8:46  Zerg Missile Weapons Level 2  
  165  8:47  Hatchery  
  164  8:51  Drone x2  
  164  8:53  Baneling Nest  
  164  8:54  Zerg Flyer Weapons Level 2  
  164  8:55  Evolution Chamber  
  164  8:56  Ravager x3  
  164  9:01  Burrow  
  167  9:05  Drone x2  
  167  9:28  Corruptor x7  
  169  9:34  Roach x6  
  169  9:38  Corruptor x2  
  169  9:42  Drone  
  169  9:43  Drone x3  
  169  9:44  Drone, Overlord x2  
  170  9:48  Unknown  
  169  9:58  Centrifugal Hooks, Zerg Melee Weapons Level 1  
  169  10:02  Roach x9  
  186  10:10  Corruptor x2  
  190  10:15  Drone  
  190  10:17  Infestation Pit  
  190  10:26  Corruptor  
  186  10:41  Zergling x2  
  186  10:42  Zergling x30  
  198  10:44  Spore Crawler  
  196  10:50  Spore Crawler, Spine Crawler  
  196  10:51  Spine Crawler x2  
  196  10:52  Spore Crawler  
  196  10:55  Ravager x2  
  196  10:56  Ravager x4  
  197  11:01  Hive  
  197  11:02  Baneling  
  197  11:03  Baneling x22  
  197  11:04  Baneling  
  197  11:16  Spine Crawler  
  196  11:20  Spore Crawler  
  195  11:29  Zergling x14  
  195  11:30  Zergling x2  
  189  11:37  Roach  
  189  11:38  Roach x8  
  195  11:41  Roach x2  
  195  11:57  Zerg Melee Weapons Level 2  
  195  11:58  Zerg Ground Armor Level 1  
  190  12:03  Zergling x2, Roach  
  190  12:04  Zergling x20  
  185  12:13  Roach x8  
  185  12:15  Zergling x14  
  185  12:16  Zergling x4  
  185  12:24  Zergling x6  
  185  12:25  Zergling x4  
  185  12:26  Baneling  
  185  12:27  Baneling x10  
  185  12:29  Ravager  
  189  12:30  Ravager x7  
  189  12:34  Baneling x3  
  189  12:35  Baneling x5  
  196  12:43  Baneling x8  
  196  12:45  Baneling x8  
  196  12:47  Greater Spire  
  196  12:48  Adrenal Glands  
  196  12:51  Overlord x2  
  186  13:06  Zergling x10  
  186  13:07  Zergling x2  
  189  13:21  Drone x3  
  189  13:22  Drone, Spine Crawler  
  192  13:32  Spine Crawler  
  191  13:36  Zergling x2  
  192  13:45  Baneling x5  
  192  13:47  Pathogen Glands  
  192  13:53  Ravager x4  
  196  14:04  Spine Crawler  
  196  14:05  Spine Crawler  
  196  14:06  Spine Crawler  
  196  14:07  Spore Crawler  
  196  14:09  Zergling x4, Roach  
  177  14:10  Zergling x26  
  171  14:17  Zergling x4, Roach  
  171  14:18  Zergling x20  
  171  14:20  Brood Lord x7  
  187  14:26  Zergling x26  
  187  14:30  Baneling x13  
  187  14:31  Baneling x5  
  185  14:39  Baneling x9  
  185  14:43  Baneling x4  
Show
View Real Time Build Order
Export as new Build Order

Creature Protoss 

Build Orders: 1 Gate Expand, Oracle Opening, Carriers, Carrier Rush 

Get SALT Encoding   

  12  0:00  Probe  
  13  0:12  Probe  
  14  0:18  Pylon  
  14  0:24  Probe  
  15  0:37  Probe (Chrono Boost)  
  15  0:40  Gateway  
  16  0:46  Probe (Chrono Boost), Assimilator  
  17  0:51  Probe (Chrono Boost)  
  18  1:03  Probe  
  19  1:15  Probe  
  20  1:23  Nexus  
  20  1:33  Cybernetics Core  
  20  1:36  Probe  
  21  1:42  Assimilator  
  21  1:48  Probe  
  21  1:51  Pylon  
  22  2:00  Probe (Chrono Boost)  
  23  2:07  Adept (Chrono Boost)  
  23  2:12  Probe (Chrono Boost)  
  26  2:20  Stargate  
  26  2:21  Probe (Chrono Boost)  
  27  2:26  Probe  
  27  2:27  Warp Gate  
  28  2:36  Probe (Chrono Boost), Stalker  
  31  2:44  Probe (Chrono Boost)  
  32  2:47  Probe (Chrono Boost)  
  34  2:52  Probe (Chrono Boost)  
  34  2:53  Probe (Chrono Boost)  
  35  3:01  Oracle (Chrono Boost)  
  35  3:02  Probe  
  35  3:03  Probe  
  40  3:07  Pylon  
  40  3:09  Assimilator  
  40  3:14  Probe  
  40  3:15  Probe  
  42  3:22  Assimilator  
  42  3:26  Probe  
  43  3:27  Probe  
  43  3:28  Pylon  
  44  3:38  Probe (Chrono Boost)  
  46  3:43  Probe (Chrono Boost)  
  46  3:50  Probe (Chrono Boost)  
  46  3:54  Fleet Beacon  
  46  3:55  Probe x2 (Chrono Boost)  
  48  3:59  Stargate  
  49  4:03  Probe  
  49  4:06  Probe  
  51  4:15  Probe  
  52  4:19  Probe  
  52  4:22  Zealot  
  55  4:24  Pylon  
  55  4:27  Probe, Pylon  
  55  4:31  Probe  
  57  4:43  Carrier (Chrono Boost), Protoss Air Weapons Level 1  
  62  4:55  Carrier (Chrono Boost)  
  62  4:58  Nexus, Pylon  
  62  5:02  Probe  
  69  5:07  Adept  
  69  5:09  Pylon  
  69  5:12  Probe  
  72  5:15  Probe  
  72  5:21  Shield Battery  
  73  5:24  Probe  
  73  5:27  Probe  
  75  5:32  Adept  
  77  5:35  Carrier (Chrono Boost)  
  77  5:36  Probe  
  77  5:39  Probe  
  85  5:43  Carrier (Chrono Boost)  
  85  5:49  Probe  
  92  5:50  Pylon  
  92  5:51  Probe  
  93  6:00  Twilight Council  
  93  6:01  Forge  
  93  6:03  Pylon  
  93  6:07  Probe  
  93  6:08  Probe  
  95  6:12  Probe  
  95  6:16  Pylon  
  96  6:19  Probe  
  96  6:20  Probe  
  96  6:24  Probe  
  99  6:27  Assimilator  
  99  6:29  Assimilator  
  99  6:31  Probe  
  99  6:32  Probe  
  101  6:36  Probe  
  102  6:43  Probe  
  102  6:44  Protoss Ground Weapons Level 1, Probe  
  106  6:51  Probe  
  106  6:52  Charge (Chrono Boost)  
  107  6:54  Gateway  
  107  6:55  Gateway  
  107  6:59  Probe  
  107  7:00  Probe  
  109  7:06  Gateway  
  109  7:09  Gateway  
  109  7:10  Gateway  
  109  7:12  Gateway  
  103  7:18  Templar Archives  
  103  7:20  Gateway  
  103  7:22  Gateway  
  103  7:36  Gateway  
  97  7:47  Photon Cannon  
  97  7:49  Photon Cannon x2  
  97  7:51  Stalker x2  
  97  7:52  Nexus, Stalker  
  97  7:54  Pylon  
  103  8:04  High Templar x3  
  108  8:07  Archon  
  108  8:18  High Templar  
  108  8:19  Stalker x5  
  114  8:23  Archon  
  108  8:29  Carrier x2 (Chrono Boost)  
  108  8:31  Probe  
  121  8:39  Blink (Chrono Boost)  
  121  8:45  Zealot  
  121  8:46  Sentry  
  121  8:47  Nexus, Zealot x4  
  133  8:50  Protoss Ground Weapons Level 2 (Chrono Boost)  
  133  8:51  Pylon  
  133  8:53  Pylon  
  133  8:57  Shield Battery  
  133  9:09  Probe  
  132  9:10  Robotics Facility  
  132  9:13  Zealot x3  
  132  9:14  Zealot x5  
  128  9:17  Zealot x3  
  128  9:18  Zealot x2  
  128  9:23  Zealot x3  
  139  9:24  Probe  
  139  9:26  Probe  
  120  9:52  Nexus  
  120  9:53  Pylon  
  120  9:54  High Templar x2, Pylon x2  
  120  9:55  High Templar x3  
  129  10:03  Archon  
  129  10:04  High Templar  
  131  10:12  Archon, Immortal (Chrono Boost)  
  131  10:13  Archon  
  135  10:17  Carrier (Chrono Boost)  
  137  10:42  Nexus  
  137  10:44  Zealot, High Templar x2  
  137  10:45  Zealot x3  
  137  10:48  Archon  
  149  10:54  Pylon  
  149  10:56  Shield Battery  
  149  10:57  Photon Cannon  
  149  11:06  Pylon  
  149  11:08  Pylon  
  149  11:09  Immortal (Chrono Boost)  
  149  11:17  High Templar  
  149  11:18  High Templar  
  157  11:21  Archon  
  157  11:24  Zealot x3  
  163  11:25  High Templar  
  163  11:32  Zealot x2, High Templar  
  124  11:43  Archon  
  124  11:52  Stalker x2  
  124  11:53  Stalker x5  
  136  12:00  Zealot  
  130  12:09  Zealot  
  126  12:18  Zealot x4  
  126  12:19  Zealot x3  
  130  12:27  Warp Prism (Chrono Boost)  
  130  12:33  Probe  
  130  12:35  Probe  
  134  12:44  High Templar, Assimilator  
  134  12:45  Assimilator, High Templar x3  
  134  12:49  Archon x2  
  134  12:50  Zealot  
  144  12:54  Nexus  
  142  13:05  Probe x2  
  122  13:20  Stalker x5  
  122  13:26  Probe  
  133  13:42  Immortal (Chrono Boost), Probe x2  
  139  14:05  Zealot x6  
  143  14:14  Zealot x2  
  111  14:21  Zealot  
  113  14:30  Zealot x2, High Templar x4  
  125  14:35  Archon x2  
  121  14:42  Zealot x3  
  127  14:50  Zealot  
  127  14:51  Zealot  
Tags
 
Add a new tag
Caveats
  • Supply blocks, unpowered buildings, or Contaminate may cause inaccurate times.
  • Supply counts are checked every 10 seconds.